 Dungeon Crawl Stone Soup version 0.28-a0-21-gf74fda84f9 (webtiles) character file.

Game seed: 5414064109553834504

25958 Spaninq the Grappler (level 12, 0/123 HPs)
             Began as a Troll Chaos Knight on July 26, 2021.
             Was a Plaything of Xom.
             Slain by an orc knight (12 damage)
             ... in a bailey.
             The game lasted 00:32:09 (9260 turns).

Spaninq the Grappler (Troll Chaos Knight)           Turns: 9260, Time: 00:32:17

Health: 0/123      AC: 17    Str: 26    XL:     12   Next: 94%
Magic:  0/12       EV: 12    Int: 10    God:    Xom [..*...]
Gold:   706        SH: 11    Dex: 10    Spells: 11/11 levels left

rFire   + + .      SeeInvis .     - Unarmed
rCold   + + .      Faith    .   a - +0 kite shield
rNeg    . . .      Spirit   +   m - +0 fire dragon scales
rPois   .          Reflect  .   (helmet restricted)
rElec   .          Harm     .   w - +2 cloak
rCorr   .          Rampage  .   (gloves unavailable)
Will    +....                   (boots unavailable)
Stlth   ..........              q - amulet of guardian spirit
HPRegen 1.30/turn               n - ring of protection from cold
MPRegen 0.13/turn               l - +4 ring of evasion

@: hasted, very quick
A: large, unfitting armour, claws 3, regeneration 1, shaggy fur 1, tough skin 1,
hooves 2, horns 1, iridescent scales 2, thin skeletal structure 1, clever 1,
clumsy 1, cold resistance 2, high mp 1, strong-willed 1, mutation resistance 1,
wild magic 1, MP-powered wands
a: Renounce Religion


You were in a bailey.
You worshipped Xom.
You were a toy of Xom.
You visited 2 branches of the dungeon, and saw 14 of its levels.
You also visited: Sewer and Bailey.

You collected 706 gold pieces.

Inventory:

Hand Weapons
 f - a +1 whip of flaming
 A - the +3 quick blade of Ruination {chaos, rF+ rN+}
   (Xom gifted it to you on level 13 of the Dungeon)

   Each time it hits an enemy it has a different, random effect.
   rF:        It protects you from fire.
   rN:        It protects you from negative energy.
 B - a +4 halberd
Armour
 a - a +0 kite shield (worn)
 m - +0 fire dragon scales (worn)
 t - a +0 tower shield
 w - a +2 cloak (worn)
 y - a scarf of shadows
Jewellery
 e - a ring of protection from fire
 l - a +4 ring of evasion (right claw)
 n - a ring of protection from cold (left claw)
 q - an amulet of guardian spirit (around neck)
Wands
 h - a wand of flame (33)
 r - a wand of iceblast (6)
 u - a wand of charming (11)
Scrolls
 o - a scroll of fear
 p - 2 scrolls of blinking
 s - 3 scrolls of identify
 v - a scroll of teleportation
 x - a scroll of enchant armour
 z - a scroll of magic mapping
Potions
 d - 2 potions of mutation
 g - 11 potions of curing
 i - 3 potions of haste
 j - 4 potions of flight
 k - a potion of might
 C - a potion of resistance
Miscellaneous
 c - a tin of tremorstones (2/2)


   Skills:
 + Level 9.2 Fighting
 + Level 0.9 Armour
 + Level 2.5 Dodging
 + Level 9.6 Shields
 * Level 14.0 Unarmed Combat


You had 11 spell levels left.
You didn't know any spells.
Your spell library contained the following spells:

 Spells                   Type           Power      Damage    Failure   Level
 Animate Skeleton         Necr           0%         N/A       78%         1
 Apportation              Tloc           0%         N/A       78%         1
 Corona                   Hex            0%         N/A       78%         1
 Freeze                   Ice            0%         1d3       78%         1
 Magic Dart               Conj           0%         1d3       78%         1
 Pain                     Necr           0%         1d4       78%         1
 Summon Small Mammal      Summ           0%         N/A       78%         1
 Searing Ray              Conj           0%         3d3       89%         2
 Call Canine Familiar     Summ           0%         N/A       98%         3
 Frozen Ramparts          Ice            0%         1d2       98%         3
 Portal Projectile        Hex/Tloc       0%         N/A       98%         3
 Vampiric Draining        Necr           0%         2d6       98%         3
 Fulminant Prism          Conj/Hex       0%         3d6       100%        4
 Hailstorm                Conj/Ice       0%         3d3       100%        4
 Leda's Liquefaction      Hex/Erth       0%         N/A       100%        4


Dungeon Overview and Level Annotations

Branches:
Dungeon (13/15)            Temple (1/1) D:4            Lair (0/6) D:10
  Sewer (visited)          Bailey (1/1)
    Orc: D:9-12      Vaults: D:13-14

Altars:
Ashenzari
Cheibriados
Dithmenos
Elyvilon
Fedhas
Gozag
Hepliaklqana
Kikubaaqudgha
Makhleb
Nemelex Xobeh
Okawaru
Qazlal
Ru
Sif Muna
Trog
Uskayaw
Vehumet
Wu Jian
Xom
Yredelemnul
Zin
The Shining One

Shops:
D:4 *   D:5 [

Annotations:
D:8 2 transporters, tatocazan's ghost, novice MiFi


Innate Abilities, Weirdness & Mutations

You are too large for most types of armour.
You have claws for hands.
Your natural rate of healing is unusually fast.
You are covered in fur. (AC +1)
You have tough skin. (AC +1)
You have hoof-like feet.
You have a pair of small horns on your head.
You are mostly covered in iridescent scales. (AC +4)
You have a somewhat thin skeletal structure. (Dex +2, Stealth+)
Your mind is acute. (Int +2)
You are clumsy. (Dex -2)
Your flesh is very cold resistant. (rC++)
You have an increased reservoir of magic. (+10% MP)
You are strong-willed. (Will+)
You are somewhat resistant to further mutation.
Your spells are a little harder to cast, but a little more powerful.
You expend magic power (3 MP) to strengthen your wands.


Message History

You block the orc knight's attack.
There is a huge open gate here.
Your magical contamination has completely faded away.
The orc knight no longer looks unusually strong.
The orc knight no longer looks unusually strong.
The orc warrior no longer looks unusually strong.
The orc knight roars a battlecry!
The orcs go into a battle-frenzy!
Items here: ))))) [[[ †††.
You feel yourself speed up.
The orc warrior hits you from afar with a +0 halberd!!
The orc knight hits you from afar with a +3 halberd!!!
* * * LOW HITPOINT WARNING * * *
There is an open gate, spattered with blood here.
Things that are here:
a +0 halberd; an orc corpse You feel much better.
You feel much better.
You feel a little less mighty now.
There is an open gate here.
The orc warrior barely misses you.
There is an open gate here.
The orc knight hits you from afar with a +0 bardiche!!
The orc knight misses you.
You barely miss the orc knight.
You kick the orc knight, but do no damage.
The orc knight is heavily wounded.
You block the orc warrior's attack.
You mangle the orc knight!! You kick the orc knight.
The orc knight is severely wounded.
You block the orc knight's attack.
The orc knight hits you with a +3 halberd!!
* * * LOW HITPOINT WARNING * * *
Xom grants you insight.
You feel momentarily disoriented.
The orc warrior hits you from afar with a +0 halberd!
* * * LOW HITPOINT WARNING * * *
The orc knight hits you from afar with a +0 bardiche!
You die...
Xom bursts into laughter!

###)###
##.))..##
#.......#
#.......#
#.......#
#.......#
#.......#
##.....##
##''@##
#.....#
#.ooo.#
#.....#
#.....#
#..)..#
##'''##
##..)[)##
#.......#


You could see 2 orc knights and an orc warrior (strong).

Vanquished Creatures
  A centaur warrior (D:11)
  3 two-headed ogres
  2 orc knights (Bailey)
  2 manticores (D:11)
  A cyclops (D:12)
  A slime creature (D:12)
  4 gargoyles
  4 trolls
  A raiju (D:9)
  3 shadows
  A vampire (D:11)
  A wraith (D:10)
  5 yaks (D:9)
  Grum (D:10)
  A steam dragon (D:7)
  2 water moccasins
  A hornet zombie (D:9)
  15 orc warriors
  3 sky beasts
  3 black bears
  6 centaurs
  2 wolves (D:10)
  2 kobold brigands
  A bullfrog (D:8)
  3 gnoll sergeants
  A water moccasin zombie (D:7)
  11 killer bees (D:9)
  3 howler monkeys
  6 wights
  A jelly (D:7)
  3 centaur zombies
  4 bullfrog zombies
  4 hounds
  A gnoll shaman (D:3)
  7 orc priests
  2 bullfrog skeletons
  Ijyb (D:4)
  12 orc wizards
  4 iguanas
  A killer bee zombie (D:6)
  2 howler monkey zombies
  21 gnolls
  2 howler monkey skeletons
  3 river rats
  6 adders
  2 shadow imps
  A white imp (D:8)
  3 worms
  7 dart slugs
  57 orcs
  6 ball pythons
  4 endoplasms
  3 giant cockroaches (D:2)
  14 goblins
  12 hobgoblins
  6 jackals
  15 kobolds
  5 quokkas
  5 bats
  4 frilled lizards
  6 rats
314 creatures vanquished.

Vanquished Creatures (collateral kills)
  A two-headed ogre (D:9)
  An orc warrior (D:10)
  A centaur (D:12)
  A gnoll sergeant (D:7)
  3 wights (D:7)
  4 gnolls (D:7)
  4 orcs
  A goblin (D:12)
16 creatures vanquished.

Vanquished Creatures (others)
  6 plants (D:8)
6 creatures vanquished.

Grand Total: 336 creatures vanquished

Notes
Turn   | Place    | Note
-------+----------+-------------------------------------------
     0 | D:1      | Spaninq the Troll Chaos Knight began the quest for the Orb.
     0 | D:1      | Reached XP level 1. HP: 22/22 MP: 0/0
   201 | D:1      | Reached XP level 2. HP: 28/29 MP: 1/1
   227 | D:1      | XOM: potion effect (berserk rage)
   670 | D:1      | Reached XP level 3. HP: 36/36 MP: 2/2
   779 | D:1      | XOM: noise
   850 | D:2      | Found a faded altar of an unknown god.
  1015 | D:2      | Reached skill level 4 in Unarmed Combat
  1104 | D:2      | Reached XP level 4. HP: 43/45 MP: 3/3
  1370 | D:3      | XOM: cloud trail
  1418 | D:3      | Reached XP level 5. HP: 51/53 MP: 4/4
  1671 | D:3      | Reached skill level 5 in Unarmed Combat
  1717 | D:3      | XOM: silly message
  2109 | D:3      | Found a faded altar of an unknown god.
  2111 | D:3      | Found a hazy altar of Hepliaklqana.
  2239 | D:4      | Found a glowing drain.
  2243 | D:4      | Reached XP level 6. HP: 56/62 MP: 5/5
  2262 | Sewer    | Entered a sewer
  2351 | Sewer    | Reached skill level 6 in Unarmed Combat
  2379 | Sewer    | Found a white marble altar of Elyvilon.
  2510 | D:4      | XOM is BORED!
  2510 | D:4      | XOM: 2-stop teleportation journey
  2552 | D:4      | Found Noib Xowk's Serpentskin Sales.
  2552 | D:4      | Noticed a water moccasin
  2556 | D:4      | Killed a water moccasin
  2557 | D:4      | Reached XP level 7. HP: 70/70 MP: 6/6
  2563 | D:4      | Noticed Ijyb
  2581 | D:4      | Killed Ijyb
  2720 | D:4      | Found a staircase to the Ecumenical Temple.
  2729 | Temple   | Entered the Ecumenical Temple
  2844 | D:4      | Found a sacrificial altar of Ru.
  2912 | D:4      | XOM: silly message
  2939 | D:4      | XOM: 4-stop teleportation journey
  3251 | D:5      | Entered Level 5 of the Dungeon
  3259 | D:5      | Reached skill level 7 in Unarmed Combat
  3397 | D:5      | Found Panoc's Antique Armour Shoppe.
  3539 | D:5      | XOM: noise
  3889 | D:5      | XOM: silly message
  3956 | D:6      | XOM is BORED!
  3956 | D:6      | XOM: 1-stop teleportation journey
  3999 | D:6      | Reached skill level 5 in Fighting
  4007 | D:6      | Reached skill level 8 in Unarmed Combat
  4010 | D:6      | Reached XP level 8. HP: 73/80 MP: 7/7
  4073 | D:6      | Found an ornate altar of the Wu Jian Council.
  4121 | D:6      | XOM: silly message
  4596 | D:7      | XOM: stealth player
  4621 | D:7      | XOM: enchant monster (good)
  4686 | D:7      | XOM: summons friendly shadow imp
  4694 | D:7      | Reached skill level 9 in Unarmed Combat
  4871 | D:7      | Found a bloodstained altar of Trog.
  4938 | D:7      | Found an iron altar of Okawaru.
  4952 | D:7      | XOM: cast spell 'Summon Horrible Things'
  5171 | D:7      | XOM: give mutation
  5171 | D:7      | Gained mutation: You are partially covered in iridescent
                  | scales. (AC +2) [Xom's grace]
  5304 | D:7      | XOM is BORED!
  5304 | D:7      | XOM: enchant monster (bad)
  5349 | D:7      | Reached skill level 10 in Unarmed Combat
  5349 | D:7      | Reached XP level 9. HP: 87/89 MP: 8/8
  5689 | D:8      | XOM: torment (47/92 hp)
  5787 | D:8      | XOM: 3-stop teleportation journey
  5877 | D:8      | XOM: give mutations
  5877 | D:8      | Gained mutation: You have a pair of small horns on your
                  | head. [Xom's mischief]
  5877 | D:8      | Gained mutation: You are clumsy. (Dex -2) [Xom's mischief]
  5879 | D:8      | Found a transporter.
  5885 | D:8      | Identified the +1 scale mail "Noabeghe" {Drain Fly Int+7
                  | Stlth+}
  5885 | D:8      | Identified the +4 kite shield of the Hippo {Contam Str+6}
  5890 | D:8      | Noticed tatocazan's ghost (novice MiFi)
  6039 | D:8      | Found a transporter.
  6184 | D:8      | Reached skill level 1 in Shields
  6187 | D:8      | Found a shimmering blue altar of Sif Muna.
  6240 | D:8      | Found a sparkling altar of Nemelex Xobeh.
  6362 | D:9      | Noticed a two-headed ogre
  6367 | D:9      | Killed a two-headed ogre
  6399 | D:9      | Found a shadowy altar of Dithmenos.
  6413 | D:9      | Found a glowing golden altar of the Shining One.
  6416 | D:9      | Found a glowing silver altar of Zin.
  6419 | D:9      | Found a hide-covered altar of Uskayaw.
  6424 | D:9      | Reached skill level 11 in Unarmed Combat
  6458 | D:9      | Noticed a troll
  6469 | D:9      | Killed a troll
  6481 | D:9      | XOM: confuse monster(s)
  6484 | D:9      | Reached XP level 10. HP: 71/102 MP: 4/9
  6649 | D:9      | XOM: divination: detect items
  6859 | D:9      | XOM: fake destruction
  6943 | D:9      | Found a stormy altar of Qazlal.
  7013 | D:9      | XOM: polymorph yak -> raiju
  7016 | D:9      | Reached skill level 5 in Shields
  7231 | D:10     | Entered Level 10 of the Dungeon
  7296 | D:10     | Noticed a two-headed ogre
  7299 | D:10     | XOM: confuse monster(s)
  7307 | D:10     | Killed a two-headed ogre
  7331 | D:10     | Noticed Grum
  7344 | D:10     | Killed Grum
  7361 | D:10     | XOM: summons 3 friendly demons
  7381 | D:10     | XOM: divination: detect creatures
  7598 | D:10     | Found a staircase to the Lair.
  7624 | D:10     | XOM: god gift: scarf of shadows
  7684 | D:10     | XOM: give mutations
  7684 | D:10     | Gained mutation: You are mostly covered in iridescent
                  | scales. (AC +4) [Xom's grace]
  7684 | D:10     | Gained mutation: Your flesh is cold resistant. (rC+) [Xom's
                  | grace]
  7684 | D:10     | Gained mutation: You have large cloven feet. [Xom's grace]
  7684 | D:10     | Gained mutation: You are strong-willed. (Will+) [Xom's
                  | grace]
  7871 | D:10     | XOM: give mutations
  7871 | D:10     | Gained mutation: Your spells are a little harder to cast,
                  | but a little more powerful. [Xom's grace]
  7871 | D:10     | Gained mutation: You have a somewhat thin skeletal
                  | structure. (Dex +2, Stealth+) [Xom's grace]
  7871 | D:10     | Gained mutation: You expend magic power (3 MP) to
                  | strengthen your wands. [Xom's grace]
  7871 | D:10     | Gained mutation: You are somewhat resistant to further
                  | mutation. [Xom's grace]
  8058 | D:10     | XOM: cleaving
  8065 | D:10     | Reached XP level 11. HP: 109/111 MP: 8/10
  8125 | D:11     | Noticed a two-headed ogre
  8130 | D:11     | Killed a two-headed ogre
  8131 | D:11     | Reached skill level 12 in Unarmed Combat
  8253 | D:11     | Noticed a two-headed ogre
  8258 | D:11     | Killed a two-headed ogre
  8388 | D:11     | XOM: cloud trail
  8476 | D:11     | XOM: summons friendly ufetubus
  8506 | D:11     | Noticed a centaur warrior
  8515 | D:11     | XOM: confuse monster(s)
  8517 | D:11     | XOM: summons 1 friendly demon
  8518 | D:11     | Killed a centaur warrior
  8585 | D:11     | XOM: scenery: create altars
  8729 | D:11     | XOM: give mutations
  8729 | D:11     | Gained mutation: You have hoof-like feet. [Xom's grace]
  8729 | D:11     | Gained mutation: Your mind is acute. (Int +2) [Xom's grace]
  8729 | D:11     | Gained mutation: Your flesh is very cold resistant. (rC++)
                  | [Xom's grace]
  8729 | D:11     | Gained mutation: You have an increased reservoir of magic.
                  | (+10% MP) [Xom's grace]
  8780 | D:12     | Noticed a purple ugly thing
  8784 | D:12     | XOM: scenery: 1 doors close
  8785 | D:12     | Noticed a five-headed hydra
  8794 | D:12     | XOM: potion effect (invisibility)
  8861 | D:12     | XOM: 8-stop teleportation journey
  8862 | D:12     | You fall into a shaft and drop 1 floor!
  8900 | D:13     | Identified the +3 quick blade of Ruination {antimagic, rF+
                  | rN+} (Xom gifted it to you on level 13 of the Dungeon)
  8900 | D:13     | XOM: god gift: +3 quick blade of Ruination {chaos, rF+ rN+}
  8921 | D:12     | XOM: summons friendly quasit
  8949 | D:12     | Found a flagged portal.
  8961 | Bailey   | Entered a bailey
  8982 | Bailey   | XOM: enchant monster (good)
  9051 | Bailey   | XOM: potion effect (heal wounds)
  9179 | Bailey   | Noticed an orc knight
  9180 | Bailey   | Reached skill level 13 in Unarmed Combat
  9180 | Bailey   | Reached XP level 12. HP: 123/123 MP: 12/12
  9181 | Bailey   | XOM: silly message
  9231 | Bailey   | Reached skill level 14 in Unarmed Combat
  9260 | Bailey   | XOM: divination: magic mapping
  9260 | Bailey   | Slain by an orc knight

Illustrated notes

Levels and vault maps discovered:
D:1:      mrwooster_arrival_statue_2, layout_basic
D:2:      layout_basic, shapermc_ecumenical_altar_totnotflames,
          minmay_misc_feat_doors, nrook_mini_vaults
D:3:      layout_loops_corners, beargit_hepliaklqana_dungeon_heroes,
          grunt_decor_junction
D:4:      kennysheep_the_goblin_king, layout_rooms, hangedman_ru_absence,
          lemuel_temple_firewalk_b, portal_sewer_entry_b, guppyfry_shop_venom
D:5:      layout_loops_ring, serial_shops, shop
D:6:      layout_loops_ring, nzn_wu_jian_contemplation,
          kennysheep_generic_room_9
D:7:      layout_layer_cave, trog_three_pillars_becter,
          okawaru_metal_pillars_1_2
D:8:      layout_loops_cross, overflow_temple_1_default, kennysheep_little_box,
          gammafunk_ghost_gnarly_gnolls
D:9:      layout_cave_pods, lemuel_doored_altar,
          grunt_temple_overflow_cloverleaf, serial_park, serial_park_square3
          [serial_park_minivault_5x5_3], serial_park_square1
          [serial_park_minivault_5x5_7], eino_jars
D:10:     layout_layer_cave, lair_entry_dummy, uniq_grum
D:11:     layout_loops_cross
D:12:     layout_roguey, david_orc_3, enter_bailey_4,
          nicolae_trove_entry_path_of_doom
D:13:     layout_roguey, david_vaults_2
Temple:   eino_wide_crystal_templ
Bailey:   bailey_polearm_5, bailey

Skill      XL: |  1  2  3  4  5  6  7  8  9 10 11 12 |
---------------+-------------------------------------+-----
Dodging        | 2 |  2.5
Fighting       | 3 4 5 6 7 8 9 |  9.2
Unarmed Combat | 4 5 6 8 10 11 13 14 | 14.0
Shields        | 3 6 9 |  9.6
Armour         | |  0.9

Action                   |  1- 3 |  4- 6 |  7- 9 | 10-12 || total
-------------------------+-------+-------+-------+-------++-------
Melee: Unarmed           |   112 |   163 |   266 |   330 ||   871
       Punch             |     1 |     3 |     8 |    13 ||    25
       Whip              |       |       |    14 |       ||    14
       Headbutt          |       |       |     9 |    56 ||    65
       Kick              |       |       |       |    61 ||    61
  Use: Scroll            |       |     2 |    15 |     4 ||    21
       Potion            |       |     2 |       |     7 ||     9
 Stab: Sleeping          |       |       |     2 |       ||     2
       Confused          |       |       |       |     3 ||     3
       Invisible         |       |       |       |     9 ||     9
       Petrified         |       |       |       |     1 ||     1
Armor: Robe              |    47 |    43 |    33 |       ||   123
       Steam dragon scal |       |       |    31 |    33 ||    64
       Fire dragon scale |       |       |       |    98 ||    98
Dodge: Dodged            |    53 |    64 |   165 |   214 ||   496
Block: Kite shield       |       |       |       |   123 ||   123

Table legend: (Time is in decaauts)
 A = Elapsed time spent in this place.
 B = Non-inter-level travel time spent in this place.
 C = Inter-level travel time spent in this place.
 D = Time resting spent in this place.
 E = Time spent auto-exploring this place.
 F = Levels seen in this place.
 G = Mean time per level.
                   A        B        C        D        E       F      G
               +--------+--------+--------+--------+--------+-----+--------+
         Total |   9141 |   8835 |    306 |    124 |   6296 |  16 |  571.3 |
       Dungeon |   8608 |   8323 |    285 |     43 |   6137 |  13 |  662.2 |
        Temple |     72 |     51 |     21 |      0 |     50 |   1 |   72.0 |
         Sewer |    199 |    199 |      0 |      0 |    105 |   1 |  199.0 |
        Bailey |    261 |    261 |      0 |     81 |      4 |   1 |  261.0 |
               +--------+--------+--------+--------+--------+-----+--------+

Top non-repeatable levels by time:
     D:3: 974 daAuts
     D:9: 928 daAuts
     D:7: 891 daAuts
    D:10: 881 daAuts
     D:1: 808 daAuts
     D:8: 771 daAuts
     D:4: 768 daAuts
     D:6: 676 daAuts
     D:5: 654 daAuts
    D:11: 639 daAuts
     D:2: 433 daAuts
  Bailey: 261 daAuts
   Sewer: 199 daAuts
    D:12: 125 daAuts
  Temple: 72 daAuts
